 Dungeon Crawl Stone Soup version 0.27.0 (webtiles) character file.

Game seed: 9712212043127362328

1118 crusatyr the Ruffian (level 8, -8/80 HPs)
             Began as a Troll Monk on July 31, 2021.
             Was a Believer of Wu Jian.
             Killed from afar by a steam dragon (23 damage)
             ... with a ball of steam
             ... on level 7 of the Dungeon.
             The game lasted 00:09:57 (5103 turns).

crusatyr the Ruffian (Troll Monk)                   Turns: 5103, Time: 00:09:59

Health: -8/80      AC:  4    Str: 22    XL:     8   Next: 12%
Magic:  7/7        EV: 11    Int:  6    God:    Wu Jian [**....]
Gold:   319        SH:  0    Dex: 12    Spells: 7/7 levels left

rFire    . . .     SeeInvis .     - Unarmed
rCold    . . .     Faith    .   (no shield)
rNeg     . . .     Spirit   .   a - +0 robe
rPois    .         Reflect  .   (helmet restricted)
rElec    .         Harm     .   (no cloak)
rCorr    .         Rampage  .   (gloves unavailable)
Will     .....                  (boots unavailable)
Stlth    ++........             (no amulet)
HPRegen  1.23/turn              (no ring)
MPRegen  0.10/turn              (no ring)

@: no status effects
A: large, unfitting armour, claws 3, regeneration 1, shaggy fur 1, tough skin 1
a: Renounce Religion, Wall Jump


You were on level 7 of the Dungeon.
You worshipped Wu Jian.
Wu Jian was pleased with you.
You visited 2 branches of the dungeon, and saw 8 of its levels.
You also visited: Sewer.

You collected 337 gold pieces.
You spent 18 gold pieces at shops.

Inventory:

Missiles
 t - 16 boomerangs (quivered)
 x - 36 poisoned darts
 G - 5 curare-tipped darts
Armour
 a - a +0 robe (worn)
 d - a +1 kite shield
Jewellery
 h - a ring of protection from fire
 w - a ring of resist corrosion
Wands
 i - a wand of digging (5)
 p - a wand of mindburst (14)
 q - a wand of charming (5)
 D - a wand of flame (14)
 F - a wand of iceblast (6)
Scrolls
 b - a scroll of holy word
 c - a scroll of summoning
 f - a scroll of fear
 j - 2 scrolls of teleportation
 k - a scroll of enchant weapon
 l - a scroll of amnesia
 y - a scroll of silence {unknown}
 A - 2 scrolls of magic mapping {unknown}
 B - 2 scrolls of fog {unknown}
 C - a scroll of enchant armour
 E - a scroll of immolation {unknown}
Potions
 e - a potion of might
 g - 3 potions of cancellation
 m - 2 potions of magic
 n - a potion of haste {unknown}
 o - a potion of lignification {unknown}
 r - a potion of mutation {unknown}
 s - 3 potions of resistance {unknown}
 u - a potion of berserk rage
 v - 2 potions of curing {unknown}
 z - a potion of brilliance {unknown}


   Skills:
 + Level 5.2 Fighting
 + Level 5.2 Dodging
 - Level 1.0 Stealth
 + Level 6.3 Unarmed Combat


You had 7 spell levels left.
You didn't know any spells.
Your spell library contained the following spells:

 Spells                   Type           Power      Damage    Failure   Level
 Corpse Rot               Necr/Air       N/A        N/A       58%         2
 Frozen Ramparts          Ice            0%         1d2       83%         3
 Summon Guardian Golem    Hex/Summ       0%         N/A       83%         3
 Dispel Undead            Necr           0%         3d6       99%         4
 Ice Form                 Ice/Tmut       0%         N/A       99%         4
 Summon Ice Beast         Ice/Summ       0%         N/A       99%         4
 Alistair's Intoxication  Tmut/Pois      0%         N/A       100%        5
 Borgnjor's Vile Clutch   Necr/Erth      0%         N/A       100%        5
 Death Channel            Necr           0%         N/A       100%        6
 Eringya's Noxious Bog    Tmut/Pois      0%         N/A       100%        6
 Orb of Destruction       Conj           0%         N/A       100%        7
 Spellforged Servitor     Conj/Summ      0%         N/A       100%        7


Dungeon Overview and Level Annotations

Branches:
Dungeon (7/15)             Temple (1/1) D:4           Sewer (visited)

Altars:
Ashenzari
Cheibriados
Dithmenos
Elyvilon
Fedhas
Gozag
Hepliaklqana
Kikubaaqudgha
Makhleb
Nemelex Xobeh
Okawaru
Qazlal
Sif Muna
Trog
Uskayaw
Vehumet
Wu Jian
Xom
Yredelemnul
Zin
The Shining One

Shops:
D:2 *   D:6 (


Innate Abilities, Weirdness & Mutations

You are too large for most types of armour.
You have claws for hands.
Your natural rate of healing is unusually fast.
You are covered in fur. (AC +1)
You have tough skin. (AC +1)


Message History

You spin and attack the steam dragon.
You closely miss the steam dragon.
A gnoll comes into view. It is wielding a +0 club.
The steam dragon bites you! The steam dragon claws you.
A gnoll shaman comes into view. It is wielding a +0 club.
A gnoll comes into view. It is wielding a +0 flail.
You spin and attack the steam dragon.
The gnoll shouts!
You scratch the steam dragon but do no damage. 2 gnolls come into view.
You hear a shout!
The steam dragon barely misses you. The steam dragon claws you.
Found a stone staircase leading down.
You scratch the steam dragon.
The steam dragon is lightly wounded.
The steam dragon breathes steam at you. The ball of steam hits you!
You hear a shout! x2
You spin and attack the steam dragon.
You scratch the steam dragon.
The steam dragon is lightly wounded.
The steam dragon barely misses you. x2
You closely miss the steam dragon.
The steam dragon is lightly wounded.
You are engulfed in a cloud of scalding steam.
The steam dragon breathes steam at you. The ball of steam misses you.
The gnoll shaman invokes the aid of its god against you.
You resist with some effort.
You spin and attack the steam dragon.
You closely miss the steam dragon.
The steam dragon is lightly wounded.
The steam dragon bites you! The steam dragon claws you.
An orc comes into view. It is wielding a +0 dagger.
The orc shouts!
The orc priest calls down the wrath of Beogh upon you.
Beogh smites you!
* * * LOW HITPOINT WARNING * * *
The orc moves out of view.
An orc warrior comes into view. It is wielding a +0 halberd.
The steam dragon breathes steam at you. The ball of steam hits you!!
You die...

.......#
#.........#...
.........
##........##...
.........
#.......### #..
.........##.##..###
..
.........#.###### .
o..oo...#..#
..........##
.......#.##
#...##o@#
#####.ยง## ##.D##
#.g.# ##..## ##.g##
#..g# #...#......
#...#.......


You could see a steam dragon (catching breath), an orc warrior, a gnoll shaman,
an orc priest, 2 gnolls and an orc.

Vanquished Creatures
  A steam dragon (D:5)
  2 water moccasins
  An ice beast (D:6)
  A necrophage (D:5)
  2 scorpions (D:5)
  A water moccasin skeleton (D:5)
  A bullfrog zombie (D:5)
  2 jellies
  A bullfrog skeleton (D:5)
  5 orc wizards
  4 gnolls (D:3)
  4 adders
  A shadow imp (D:6)
  A white imp (D:6)
  An ufetubus (D:6)
  2 worms
  A dart slug (D:3)
  13 orcs
  5 endoplasms
  2 giant cockroaches (D:4)
  4 goblins
  3 hobgoblins
  6 jackals
  11 kobolds
  5 quokkas
  4 ball pythons
  3 bats (D:2)
  6 rats
93 creatures vanquished.

Notes
Turn   | Place    | Note
-------+----------+-------------------------------------------
     0 | D:1      | crusatyr the Troll Monk began the quest for the Orb.
     0 | D:1      | Reached XP level 1. HP: 22/22 MP: 0/0
   380 | D:1      | Reached XP level 2. HP: 29/29 MP: 1/1
   682 | D:1      | Found a faded altar of an unknown god.
  1046 | D:2      | Reached XP level 3. HP: 36/36 MP: 2/2
  1184 | D:2      | Found Tiwavuz's Assorted Antiques.
  1200 | D:2      | Bought a red potion for 18 gold pieces
  1839 | D:3      | Reached XP level 4. HP: 21/45 MP: 3/3
  1867 | D:3      | Reached skill level 4 in Unarmed Combat
  1940 | D:3      | Reached XP level 5. HP: 37/53 MP: 4/4
  2513 | D:4      | Found a glowing drain.
  2517 | Sewer    | Entered a sewer
  2574 | Sewer    | Noticed a water moccasin
  2583 | Sewer    | Killed a water moccasin
  2584 | Sewer    | Reached XP level 6. HP: 50/62 MP: 5/5
  2725 | D:4      | Found a staircase to the Ecumenical Temple.
  2745 | Temple   | Entered the Ecumenical Temple
  2866 | Temple   | Became a worshipper of the Wu Jian Council
  2866 | Temple   | Reached * piety under Wu Jian
  2866 | Temple   | Reached ** piety under Wu Jian
  3472 | D:5      | Entered Level 5 of the Dungeon
  3577 | D:5      | Noticed a steam dragon
  3620 | D:5      | Reached skill level 5 in Unarmed Combat
  3626 | D:5      | Killed a steam dragon
  3627 | D:5      | Reached XP level 7. HP: 32/71 MP: 6/6
  4158 | D:6      | Found Fifitobb's Antique Weapon Shoppe.
  4921 | D:7      | Reached skill level 5 in Fighting
  4921 | D:7      | Reached skill level 5 in Dodging
  4921 | D:7      | Reached skill level 6 in Unarmed Combat
  4982 | D:6      | Reached XP level 8. HP: 66/80 MP: 7/7
  5103 | D:7      | Killed from afar by a steam dragon

Illustrated notes

Levels and vault maps discovered:
D:1:      dpeg_arrival_radiant, layout_basic, ebering_ecumenical_altar_box
D:2:      layout_basic, serial_shops, nicolae_shop_window_shopping,
          kennysheep_generic_room_9
D:3:      layout_basic
D:4:      layout_loops_ring, minmay_temple_entry_offerings, gup_sewer_entry_bowl
D:5:      layout_rooms
D:6:      layout_basic, serial_shops, nicolae_shop_overgrown_old_shop
D:7:      layout_cave_pods, gammafunk_ghost_hive
Temple:   kilobyte_greek_temple

Skill      XL: |  1  2  3  4  5  6  7 |
---------------+----------------------+-----
Dodging        | 3 4 5 |  5.2
Fighting       | 3 4 5 |  5.2
Unarmed Combat | 4 5 6 |  6.3
Stealth        | |  1.0

Action                   |  1- 3 |  4- 6 |  7- 9 || total
-------------------------+-------+-------+-------++-------
Melee: Unarmed           |    76 |   100 |    85 ||   261
       Punch             |     1 |     2 |     2 ||     5
Invok: Lunge             |       |     3 |     4 ||     7
       Whirlwind         |       |       |     5 ||     5
  Use: Scroll            |       |    13 |       ||    13
 Stab: Sleeping          |     1 |     1 |     1 ||     3
Armor: Robe              |    22 |    16 |    14 ||    52
Dodge: Dodged            |    43 |    48 |    42 ||   133
